 Dungeon Crawl Stone Soup version 0.22.1-6-g1668fe2c40 (webtiles) character file.

21757 Kohma the Grappler (level 12, 0/127 HPs)
             Began as a Troll Monk on Jan 22, 2019.
             Was an Elder of Wu Jian.
             Slain by a ten-headed hydra (10 damage)
             ... on level 3 of the Lair of Beasts.
             The game lasted 00:47:02 (13396 turns).

Kohma the Grappler (Troll Monk)                    Turns: 13396, Time: 00:47:02

Health: 0/127      AC:  6    Str: 22    XL:     12   Next: 57%
Magic:  11/11      EV: 17    Int:  6    God:    Wu Jian [****..]
Gold:   551        SH:  0    Dex: 16    Spells: 11/11 levels left

rFire    + . .     SeeInvis .     - Unarmed
rCold    . . .     Gourm    +   (no shield)
rNeg     . . .     Faith    .   a - +1 robe
rPois    .         Spirit   .   (helmet restricted)
rElec    .         Reflect  .   (no cloak)
rCorr    +         Harm     .   (gloves unavailable)
MR       .....                  (boots unavailable)
Stlth    ++........             (no amulet)
HPRegen  0.71/turn              B - ring of resist corrosion
MPRegen  0.12/turn              x - ring of protection from fire

@: no status effects
A: large, unfitting armour, claws 3, fast metabolism 3, gourmand, regeneration
1, shaggy fur 1, tough skin 2
a: Wall Jump, Serpent's Lash, Renounce Religion


You were on level 3 of the Lair of Beasts.
You worshipped Wu Jian.
Wu Jian was greatly pleased with you.
You were completely stuffed.

You visited 3 branches of the dungeon, and saw 16 of its levels.

You collected 671 gold pieces.
You spent 120 gold pieces at shops.

Inventory:

Missiles
 e - 478 stones
 w - 5 tomahawks of dispersal
 D - 5 large rocks (quivered)
 H - 4 poisoned javelins
Armour
 a - a +1 robe (worn)
 E - a +0 shield
Jewellery
 g - an uncursed ring of stealth
 h - an uncursed ring of ice
 x - a ring of protection from fire (right claw)
 B - a ring of resist corrosion (left claw)
 I - a cursed -3 ring of strength {unknown}
Wands
 d - a wand of flame (99)
 j - a wand of acid (8)
 o - a wand of random effects (115)
 t - a wand of polymorph (9)
 v - a wand of paralysis (13)
 y - a wand of scattershot (4)
 z - a wand of disintegration (14)
 F - a wand of iceblast (4)
Scrolls
 f - 4 scrolls of teleportation
 k - 11 scrolls of remove curse
 m - 3 scrolls of fog
 u - 2 scrolls of immolation
 C - 3 scrolls of fear
 G - a scroll of enchant armour
 J - a scroll of blinking
 K - a scroll of brand weapon
Potions
 c - 7 potions of curing
 i - a potion of invisibility
 l - 3 potions of resistance
 n - a potion of haste
 p - 3 potions of lignification
 q - a potion of berserk rage
 r - 2 potions of brilliance
 s - a potion of mutation
 A - a potion of agility {unknown}
 M - 2 potions of ambrosia {unknown}
Comestibles
 b - 32 rations
 L - 14 chunks of flesh


   Skills:
 + Level 10.5 Fighting
 - Level 10.0 Dodging
 - Level 1.0 Stealth
 + Level 13.2 Unarmed Combat


You had 11 spell levels left.
You didn't know any spells.
Your spell library contained the following spells:

 Spells                   Type           Power        Failure   Level  Hunger
 Corona                   Hex            #......      45%         1    ##.....
 Slow                     Hex            #.......     58%         2    ###....
 Inner Flame              Hex/Fire       #.......     83%         3    ####...
 Portal Projectile        Hex/Tloc       #.....       83%         3    ####...
 Cause Fear               Hex            #.........   99%         4    #####..
 Leda's Liquefaction      Hex/Erth       #.........   99%         4    #####..


Dungeon Overview and Level Annotations

Branches:
Dungeon (12/15)            Temple (1/1) D:7            Lair (3/6) D:9
 Spider (0/4) Lair:2          Orc (0/2) D:12
  Swamp: Lair:2-4    Shoals: Lair:2-4

Altars:
Ashenzari
Cheibriados
Dithmenos
Elyvilon
Fedhas
Gozag
Hepliaklqana
Kikubaaqudgha
Makhleb
Nemelex Xobeh
Okawaru
Qazlal
Ru
Sif Muna
Trog
Uskayaw
Vehumet
Wu Jian
Xom
Yredelemnul
Zin
The Shining One

Shops:
D:4 !   D:6 *


Innate Abilities, Weirdness & Mutations

You are too large for most types of armour.
You have claws for hands.
Your metabolism is lightning-fast.
You like to eat raw meat.
Your natural rate of healing is unusually fast.
You are covered in fur. (AC +1)
You have very tough skin. (AC +2)


Message History

The ten-headed hydra completely misses you.
The ten-headed hydra bites you! x2; The ten-headed hydra barely misses you.
The ten-headed hydra bites you.
The ten-headed hydra bites you but does no damage.
The ten-headed hydra bites you! The ten-headed hydra bites you.
The ten-headed hydra misses you. The ten-headed hydra bites you!
* * * LOW HITPOINT WARNING * * *
The ten-headed hydra bites you!
* * * LOW HITPOINT WARNING * * *
The ten-headed hydra bites you.
* * * LOW HITPOINT WARNING * * *
The ten-headed hydra bites you.
* * * LOW HITPOINT WARNING * * *
The ten-headed hydra misses you. The ten-headed hydra bites you!
* * * LOW HITPOINT WARNING * * *
The ten-headed hydra bites you but does no damage.
The ten-headed hydra barely misses you. The ten-headed hydra bites you.
* * * LOW HITPOINT WARNING * * *
The ten-headed hydra bites you!
You die...

......#.# ..... ..........#
.......#...+..
.......>........ ......#..
#.#............ #.#....##
#.........#..# ##.#......
#.#.....#...# #..#...##.
#.#..[#.....#####.........
##.......§§#...............
#.......)§@#............'..
##.......§§D##...#..#....#.
#..........................
##..###.P.##.#.............
#..#.........#............
#..#..............?.......
#..#......................
###.........................
#.#.^#.......>......##..####


You could see a ten-headed hydra.

Vanquished Creatures
  A hydra (Lair:3)
  3 two-headed ogres
  Urug (Lair:1)
  An unseen horror (D:11)
  A cyclops (D:12)
  6 elephants (Lair:2)
  4 black mambas
  2 centaur zombies
  2 spiny frogs
  A gargoyle (D:10)
  A rime drake (Lair:3)
  2 komodo dragons (Lair:1)
  A hornet (D:10)
  A meliai zombie (D:12)
  5 blink frogs (Lair:1)
  6 hippogriffs
  9 yaks
  2 wyverns
  3 basilisks
  A warg (D:12)
  2 soldier ants (D:8)
  A water moccasin (Lair:1)
  4 porcupines
  5 sky beasts
  4 ice beasts
  2 black bears
  7 orc warriors
  2 phantoms (D:10)
  5 ogres
  13 centaurs
  3 crocodiles
  A big kobold (D:11)
  13 bullfrogs
  2 water moccasin skeletons
  A scorpion (D:6)
  9 killer bees
  2 howler monkeys
  An electric eel (D:9)
  6 crimson imps
  A quasit (D:10)
  3 bullfrog zombies
  5 hounds
  2 jellies (D:5)
  A gnoll shaman (D:8)
  6 orc priests
  3 centaur skeletons
  7 bullfrog skeletons
  2 iguanas
  8 orc wizards
  10 worker ants
  Natasha (thrice) (D:3)
  A hound zombie (D:8)
  A hound skeleton (D:11)
  A worker ant zombie (D:5)
  Robin (D:3)
  A howler monkey skeleton (D:4)
  8 gnolls
  17 adders
  2 shadow imps
  2 oozes
  3 worms
  4 dart slugs
  2 leopard geckos
  45 orcs
  10 bats
  5 giant cockroaches
  22 goblins
  6 hobgoblins
  7 quokkas
  7 frilled lizards
  16 kobolds
  9 rats
357 creatures vanquished.

Vanquished Creatures (others)
  A wizard (D:12)
  A hobgoblin (D:9)
  2 fungi
4 creatures vanquished.

Grand Total: 361 creatures vanquished

Notes
Turn   | Place    | Note
-------+----------+-------------------------------------------
     0 | D:1      | Kohma the Troll Monk began the quest for the Orb.
     0 | D:1      | Reached XP level 1. HP: 22/22 MP: 0/0
   136 | D:1      | Reached XP level 2. HP: 25/29 MP: 1/1
   537 | D:1      | Reached XP level 3. HP: 31/36 MP: 2/2
  1021 | D:2      | Found a blossoming altar of Fedhas.
  1046 | D:2      | Reached XP level 4. HP: 44/44 MP: 3/3
  1085 | D:2      | Found a hide-covered altar of Uskayaw.
  1146 | D:2      | Reached skill level 4 in Unarmed Combat
  1530 | D:3      | Noticed Natasha
  1534 | D:3      | Killed Natasha
  1638 | D:3      | Noticed Robin
  1675 | D:3      | Killed Robin
  1675 | D:3      | Reached XP level 5. HP: 36/53 MP: 4/4
  1748 | D:3      | Noticed Natasha
  1755 | D:3      | Killed Natasha
  1849 | D:3      | Reached skill level 5 in Unarmed Combat
  1989 | D:3      | Noticed Natasha
  2001 | D:3      | Killed Natasha
  2505 | D:4      | Reached XP level 6. HP: 49/61 MP: 5/5
  2578 | D:4      | Found Maacoonu's Distillery.
  2605 | D:4      | Bought a potion of curing for 30 gold pieces
  2605 | D:4      | Bought a potion of heal wounds for 50 gold pieces
  2605 | D:4      | Bought a potion of curing for 30 gold pieces
  2605 | D:4      | Bought a potion of degeneration for 10 gold pieces
  2656 | D:4      | Reached skill level 6 in Unarmed Combat
  3138 | D:5      | Entered Level 5 of the Dungeon
  3141 | D:5      | Reached XP level 7. HP: 67/67 MP: 6/6
  3277 | D:5      | Reached skill level 7 in Unarmed Combat
  3536 | D:5      | Found a radiant altar of Vehumet.
  3621 | D:5      | Found a glowing silver altar of Zin.
  3663 | D:5      | Reached XP level 8. HP: 55/78 MP: 7/7
  3695 | D:6      | Found Aseroff's Assorted Antiques.
  3775 | D:6      | Reached skill level 5 in Dodging
  4047 | D:6      | Reached skill level 8 in Unarmed Combat
  4121 | D:6      | Reached skill level 5 in Fighting
  4367 | D:7      | Found a staircase to the Ecumenical Temple.
  4387 | Temple   | Entered the Ecumenical Temple
  4425 | Temple   | Became a worshipper of the Wu Jian Council
  4425 | Temple   | Reached * piety under Wu Jian
  4425 | Temple   | Reached ** piety under Wu Jian
  4834 | D:7      | Found a glowing golden altar of the Shining One.
  5134 | D:7      | Got a fine robe
  5145 | D:7      | Identified the cursed +0 robe of the Prince of Darkness
                  | {+Blink rC- MP+9 Str+4} (You found it on level 7 of the
                  | Dungeon)
  5369 | D:8      | Found a shimmering altar of Xom.
  5382 | D:8      | HP: 1/80 [orc warrior/hand axe (19)]
  5389 | D:8      | Reached XP level 9. HP: 19/88 MP: 8/8
  5743 | D:8      | Found a radiant altar of Vehumet.
  5774 | D:8      | Reached skill level 9 in Unarmed Combat
  5936 | D:8      | Reached *** piety under Wu Jian
  6771 | D:9      | Reached XP level 10. HP: 77/100 MP: 9/9
  6884 | D:9      | Found a snail-covered altar of Cheibriados.
  6923 | D:9      | Found a staircase to the Lair.
  6981 | D:9      | Found an iron altar of Okawaru.
  7135 | D:10     | Entered Level 10 of the Dungeon
  7150 | D:10     | Reached skill level 10 in Unarmed Combat
  7324 | D:10     | Found a shimmering altar of Xom.
  7552 | D:10     | Noticed a gargoyle
  7564 | D:10     | Killed a gargoyle
  7692 | D:10     | Paralysed by a hornet for 1 turns
  7984 | D:10     | Reached **** piety under Wu Jian
  8535 | D:11     | Killed an unseen horror
  8798 | D:11     | Reached skill level 11 in Unarmed Combat
  8811 | D:11     | Noticed a two-headed ogre
  8821 | D:11     | Killed a two-headed ogre
  8821 | D:11     | Reached XP level 11. HP: 57/111 MP: 10/10
  8963 | D:11     | Noticed a two-headed ogre
  8968 | D:11     | Killed a two-headed ogre
  9717 | D:12     | Found a bloodstained altar of Trog.
  9719 | D:12     | Noticed a wizard
  9724 | D:12     | Killed a wizard
  9825 | D:12     | Noticed a two-headed ogre
  9830 | D:12     | Killed a two-headed ogre
 10102 | D:12     | Found a staircase to the Orcish Mines.
 10363 | D:12     | Reached ***** piety under Wu Jian
 10936 | Lair:1   | Entered Level 1 of the Lair of Beasts
 11362 | Lair:1   | Noticed Urug
 11372 | Lair:1   | Killed Urug
 11372 | Lair:1   | Reached skill level 12 in Unarmed Combat
 11842 | Lair:1   | Reached XP level 12. HP: 124/124 MP: 11/11
 12586 | Lair:2   | Reached skill level 10 in Dodging
 12679 | Lair:2   | Reached skill level 10 in Fighting
 12825 | Lair:2   | Found a hole to the Spider Nest.
 13255 | Lair:3   | Noticed an eight-headed hydra
 13270 | Lair:3   | Killed a ten-headed hydra
 13270 | Lair:3   | Reached skill level 13 in Unarmed Combat
 13390 | Lair:3   | Noticed an eight-headed hydra
 13396 | Lair:3   | Slain by a ten-headed hydra

Skill      XL: |  1  2  3  4  5  6  7  8  9 10 11 12 |
---------------+-------------------------------------+-----
Dodging        | 3 4 5 7 8 9 10 | 10.0
Unarmed Combat | 4 5 6 7 8 9 11 12 13 | 13.2
Fighting       | 3 4 5 6 8 9 10 | 10.5
Stealth        | |  1.0

Action                   |  1- 3 |  4- 6 |  7- 9 | 10-12 || total
-------------------------+-------+-------+-------+-------++-------
Melee: Unarmed           |    92 |   139 |   357 |   572 ||  1160
       Punch             |       |     4 |    13 |    36 ||    53
Throw: Large rock        |       |       |       |     4 ||     4
Invok: Whirlwind         |       |       |    36 |    75 ||   111
       Wall Jump         |       |       |    10 |    34 ||    44
       Lunge             |       |       |     9 |    40 ||    49
       Serpent's Lash    |       |       |       |     1 ||     1
       Heavenly Storm    |       |       |       |     1 ||     1
Evoke: Wand              |       |       |       |     2 ||     2
  Use: Scroll            |       |     9 |     8 |    14 ||    31
       Potion            |       |       |     3 |     2 ||     5
 Stab: Sleeping          |     3 |     5 |     7 |    10 ||    25
       Distracted        |       |       |       |     1 ||     1
  Eat: Chunk             |    15 |    17 |    34 |    59 ||   125
       Ration            |       |       |       |     1 ||     1
Armor: Robe              |    49 |    54 |    93 |   101 ||   297
Dodge: Dodged            |    48 |    75 |   227 |   361 ||   711
